Map: 2000 Atmospheres LE

Players

PureLegacy

  • Race: Terran Terran

Dolan - Winner!

  • Race: Terran Terran

Event: DreamHack SC2 Masters 2021 Winter

VOD

Have the link to the VOD?

Description

Time

  • Played on: Oct. 7, 2021, 5:43 p.m.
  • Length: 9:43

All games in this series

Show
View Real Time Build Order
Export as new Build Order

PureLegacy Terran 

Build Orders: Mech 

Get SALT Encoding   

  12  0:00  SCV  
  13  0:12  SCV  
  14  0:17  Supply Depot  
  14  0:24  SCV  
  15  0:38  SCV  
  15  0:39  Barracks  
  16  0:45  Refinery  
  16  0:50  SCV  
  16  0:53  Refinery  
  17  1:02  SCV  
  18  1:14  SCV  
  19  1:26  Reaper  
  19  1:27  Supply Depot  
  19  1:31  Orbital Command  
  20  1:45  Factory  
  20  1:57  SCV  
  20  1:58  Reaper  
  22  2:09  SCV  
  23  2:21  Command Center  
  23  2:23  SCV  
  24  2:31  Barracks Reactor  
  24  2:33  Hellion  
  24  2:35  SCV  
  27  2:39  Supply Depot  
  27  2:47  SCV  
  27  2:50  Starport  
  28  2:55  Factory Tech Lab  
  28  2:59  SCV  
  26  3:13  SCV  
  26  3:14  Siege Tank  
  26  3:17  Marine x2  
  32  3:25  SCV  
  33  3:33  Medivac  
  35  3:37  SCV  
  33  3:50  Orbital Command  
  33  3:51  SCV  
  35  3:57  Refinery  
  35  4:02  Siege Tank  
  36  4:05  SCV  
  37  4:17  SCV x2  
  37  4:21  Viking x2  
  43  4:29  SCV  
  44  4:36  SCV  
  44  4:37  Siege Tank  
  48  4:41  SCV  
  48  4:42  Supply Depot  
  49  4:50  SCV  
  50  4:53  Viking  
  50  4:54  SCV  
  53  5:02  SCV  
  53  5:03  Viking  
  53  5:06  Supply Depot, SCV  
  57  5:14  SCV, Siege Tank  
  60  5:18  SCV  
  62  5:27  SCV, Viking  
  64  5:29  Supply Depot  
  64  5:32  SCV  
  64  5:33  Viking  
  64  5:35  Supply Depot  
  67  5:39  SCV  
  68  5:44  SCV  
  68  5:49  Command Center  
  69  5:51  SCV  
  69  5:52  Siege Tank  
  69  5:56  SCV  
  74  6:03  Supply Depot, SCV  
  74  6:04  Refinery  
  72  6:08  SCV  
  73  6:11  Engineering Bay  
  73  6:13  Viking  
  73  6:15  Liberator, SCV  
  79  6:23  SCV  
  80  6:27  Supply Depot  
  80  6:30  Siege Tank  
  83  6:37  Supply Depot  
  83  6:41  Command Center  
  83  6:47  Viking  
  85  6:50  SCV x2  
  87  6:55  Supply Depot  
  87  6:58  Viking  
  71  7:21  Viking  
  70  7:26  SCV x2, Refinery  
  70  7:27  Factory x2  
  70  7:28  Siege Tank, Viking  
  70  7:29  Refinery  
  77  7:38  SCV  
  77  7:40  SCV  
  77  7:41  Sensor Tower  
  79  7:44  Supply Depot  
  79  7:50  SCV  
  80  7:52  SCV  
  80  7:55  Viking  
  80  7:57  Viking  
  80  7:58  SCV, Orbital Command  
  85  8:02  SCV  
  85  8:03  Siege Tank  
  85  8:04  SCV  
  91  8:10  SCV  
  90  8:14  SCV  
  90  8:15  Factory Reactor, Factory Tech Lab  
  90  8:16  SCV  
  90  8:19  Factory  
  90  8:20  Factory  
  90  8:23  SCV  
  90  8:27  SCV  
  92  8:29  Viking x2  
  92  8:30  SCV  
  97  8:38  Siege Tank  
  94  8:51  Siege Tank  
  81  8:59  Hellion x2  
  81  9:01  SCV x3  
  76  9:10  Siege Tank  
  76  9:11  Hellion x2  
  76  9:13  SCV x2  
  81  9:20  SCV x2  
Show
View Real Time Build Order
Export as new Build Order

Dolan Terran - Winner!

Build Orders: Cyclone Opening 

Get SALT Encoding   

  12  0:00  SCV  
  13  0:12  SCV  
  14  0:17  Supply Depot  
  14  0:24  SCV  
  15  0:38  SCV  
  15  0:40  Barracks  
  15  0:42  Refinery  
  16  0:50  SCV  
  16  0:52  Refinery  
  17  1:03  SCV  
  18  1:15  SCV  
  19  1:27  Reaper, Orbital Command  
  19  1:28  Supply Depot  
  20  1:42  Factory  
  20  1:53  SCV  
  21  1:59  Reaper  
  22  2:05  SCV  
  23  2:19  SCV  
  24  2:24  Command Center  
  24  2:27  Factory Tech Lab  
  24  2:31  SCV  
  25  2:43  SCV  
  26  2:46  Barracks Reactor, Cyclone  
  26  2:49  Supply Depot  
  29  2:55  SCV  
  30  3:01  Starport  
  29  3:14  SCV  
  29  3:16  Refinery  
  29  3:20  Siege Tank  
  29  3:22  Marine x2  
  34  3:30  SCV  
  35  3:35  Orbital Command  
  35  3:38  Starport Tech Lab  
  35  3:39  Marine  
  35  3:40  Marine  
  37  3:42  SCV  
  36  3:54  SCV  
  36  3:56  Raven  
  36  4:02  Marine x2  
  40  4:03  SCV  
  40  4:06  SCV  
  42  4:10  Siege Tank  
  42  4:16  SCV  
  46  4:18  SCV  
  47  4:26  Supply Depot  
  47  4:27  Marine x2  
  49  4:39  SCV x2  
  49  4:42  Raven  
  49  4:45  Marine  
  54  4:48  Marine  
  55  4:54  Supply Depot, SCV x2  
  55  4:56  Siege Tank  
  60  5:02  Command Center  
  60  5:10  SCV x2  
  62  5:16  Marine x2  
  64  5:22  SCV x2  
  66  5:28  Siege Tank  
  66  5:34  SCV, Refinery  
  70  5:39  Supply Depot  
  70  5:41  Supply Depot  
  70  5:43  SCV  
  70  5:44  Barracks  
  70  5:46  Barracks  
  70  5:48  Starport Reactor  
  69  5:51  Stimpack, Marine  
  70  5:59  SCV  
  70  6:01  SCV  
  71  6:06  Siege Tank  
  74  6:11  SCV  
  74  6:12  Engineering Bay  
  74  6:13  SCV  
  74  6:15  Engineering Bay  
  76  6:23  SCV  
  76  6:25  SCV  
  78  6:29  Orbital Command  
  77  6:35  SCV  
  77  6:37  SCV  
  79  6:40  Siege Tank  
  79  6:41  Terran Infantry Weapons Level 1, Marine x3, Terran Infantry Armor Level 1  
  81  6:53  Starport Reactor  
  81  6:55  SCV x3  
  75  7:20  Marine x4  
  75  7:21  Marine  
  72  7:23  Siege Tank  
  72  7:25  SCV x3  
  72  7:27  Barracks  
  72  7:28  Barracks  
  72  7:29  Armory  
  78  7:30  Orbital Command  
  78  7:34  Medivac x2  
  82  7:37  SCV x2  
  82  7:40  Supply Depot  
  84  7:49  SCV x2  
  86  7:52  Marine  
  86  7:53  Marauder, Marine x3  
  92  7:59  SCV  
  92  8:01  SCV x2  
  92  8:02  Siege Tank  
  92  8:03  Combat Shield  
  98  8:19  Marauder, Barracks Tech Lab x2  
  100  8:20  Marine x4  
  100  8:23  SCV x3  
  107  8:30  Medivac, Command Center  
  109  8:47  Medivac  
  83  8:56  Marauder, Marine x2  
  83  8:57  Marauder x2, Marine x2  
  88  9:14  SCV x3  
  89  9:18  Marauder x2, Barracks  
  89  9:19  Refinery, Barracks  
  89  9:20  Barracks  
  93  9:26  SCV x3  

Tags
 
Add a new tag
Caveats
  • Supply blocks, unpowered buildings, or Contaminate may cause inaccurate times.
  • Supply counts are checked every 10 seconds.